 Dungeon Crawl Stone Soup version 0.32-a0-960-g3814254bd7 (webtiles) character file.

Game seed: 2743796440084266088

3602 Autsider the Slicer (level 10, 0/52 (53) HPs)
             Began as a Vine Stalker Berserker on Apr 17, 2024.
             Was an Elder of Trog.
             Killed from afar by an acid dragon (16 damage)
             ... with a splash of acid
             ... on level 8 of the Dungeon.
             The game lasted 00:13:02 (5657 turns).

Autsider the Slicer (Vine Stalker Berserker)        Turns: 5657, Time: 00:13:03

HP:   0/52 (53)     AC:  4    Str: 19    XL:     10   Next: 10%
MP:   0/11          EV: 31    Int:  7    God:    Trog [****..]
Gold: 194           SH:  5    Dex: 19    Spells: 9/9 levels left

rFire   . . .        B - +2 short sword (holy)
rCold   . . .        y - +0 buckler
rNeg    . . .        p - +0 scale mail
rPois   +            (no helmet)
rElec   .            (no cloak)
rCorr   .            t - +0 pair of gloves
SInv    .            (no boots)
Will    +....        q - amulet of the acrobat Stlth
                     d - +5 ring of evasion
HPRegen 1.08/turn    j - ring of poison resistance
MPRegen 0.12/turn

%: acrobat, guardian spirit
@: corroded, acrobatic, lightly drained
A: fangs 3, regeneration 1, magic shield, antimagic bite, no potion heal 2
a: Renounce Religion, Berserk, Trog's Hand, Brothers in Arms


You were on level 8 of the Dungeon.
You worshipped Trog.
Trog was greatly pleased with you.
You visited 2 branches of the dungeon, and saw 9 of its levels.

You collected 284 gold pieces.
You spent 90 gold pieces at shops.

Inventory:

Hand Weapons
 a - a +0 short sword
 A - a +0 rapier
 B - a +2 short sword of holy wrath (weapon)
 H - a +5 great sword
 J - a +0 dagger of venom
Missiles
 g - 3 datura-tipped darts (quivered)
 h - 11 boomerangs
 E - 5 silver javelins
 K - a throwing net
 L - 3 poisoned darts
Armour
 p - a +0 scale mail (worn)
 t - a +0 pair of gloves (worn)
 y - a +0 buckler (worn)
Jewellery
 d - a +5 ring of evasion (left hand)
 j - a ring of poison resistance (right hand)
 o - an amulet of reflection
 q - an amulet of the acrobat (around neck)
 r - a +6 ring of dexterity
 D - a +4 ring of protection
Wands
 v - a wand of paralysis (26)
 F - a wand of flame (14)
 I - a wand of iceblast (10)
Scrolls
 c - a scroll of teleportation {@r2}
 f - a scroll of enchant weapon
 i - 2 scrolls of amnesia
 k - a scroll of butterflies
 n - 2 scrolls of revelation
 u - a scroll of blinking
 x - 2 scrolls of fear
 C - a scroll of fog
Potions
 b - 3 potions of curing {@q1}
 e - a potion of mutation
 l - 2 potions of might
 m - 3 potions of enlightenment
 s - 3 potions of degeneration
 w - a potion of lignification {unknown}
 z - a potion of attraction {unknown}
 G - a potion of resistance {unknown}


   Skills:
 + Level 6.0 Fighting
 * Level 8.2 Short Blades
 + Level 5.1 Armour
 + Level 5.0 Dodging
 + Level 4.4 Shields


You had 9 spell levels left.
You didn't know any spells.
Your spell library was empty.

Dungeon Overview and Level Annotations

Branches:
Dungeon (8/15)             Temple (1/1) D:5
   Lair: D:8-11

Altars:
Cheibriados
Dithmenos
Elyvilon
Fedhas
Gozag
Hepliaklqana
Kikubaaqudgha
Makhleb
Nemelex Xobeh
Okawaru
Qazlal
Trog
Uskayaw
Wu Jian
Yredelemnul
Zin

Shops:
D:4 !*   D:7 !!:(!

Annotations:
D:4 2 transporters
D:7 exclusion: downstairs
D:8 Grum
Temple 2 transporters


Innate Abilities, Weirdness & Mutations

You have razor-sharp teeth.
Your natural rate of healing is unusually fast.
When hurt, damage is shared between your health and your magic reserves.
Your bite disrupts and absorbs the magic of your enemies.
Potions cannot restore your health.


Message History

The wight barely misses you. Grum barely misses you.
You hit the wight.
The wight convulses.
The wight is moderately damaged.
The orc hits you with a +0 falchion. The wight barely misses you.
The wight closely misses you. Grum barely misses you.
You hit the wight but do no damage.
The wight is moderately damaged.
You hit the wight but do no damage.
The wight is moderately damaged.
You block Grum's attack. The orc closely misses you.
The wight barely misses you.
The wight hits you with a +4 long sword.
You are too injured to fight recklessly!
You are too injured to fight recklessly!
You are too injured to fight recklessly!
You are too injured to fight recklessly!
You are too injured to fight recklessly!
You are too injured to fight recklessly!
You are too injured to fight recklessly!
You are too injured to fight recklessly!
You are too injured to fight recklessly!
You are too injured to fight recklessly!
You are too injured to fight recklessly!
You are too injured to fight recklessly!
You are too injured to fight recklessly!
An acid dragon comes into view.
Grum attacks as he pursues you! Grum completely misses you.
The acid dragon roars!
The wight attacks as it pursues you!
The wight hits you with a +4 long sword!
* * * LOW HITPOINT WARNING * * *
The acid dragon spits acid at you. The splash of acid hits you!!
* * * LOW HITPOINT WARNING * * *
The acid corrodes you! The wight attacks as it pursues you!
The wight barely misses you. The wight attacks as it pursues you!
The wight closely misses you. The acid dragon spits acid at you.
The splash of acid hits you!!
You die...

.......)........
......)..####...
.....^..o.# .........g#
......Dh..# ........o.#
........zz# #########
.........## #........
.......@### #........
..........######........
#.#######.....##........
. #####...........
####........ #(.......
#........ ###.##### #.#


You could see Grum, a black bear, an acid dragon (catching breath), 2 wights and
2 orcs.

Vanquished Creatures
  Grinder (D:3)
  3 wyverns
  Eustachio (D:4)
  A water moccasin (D:7)
  2 orc warriors (D:6)
  3 ogres
  2 wolves (D:7)
  2 centaurs (D:6)
  2 phantoms
  2 gnoll sergeants
  A scorpion (D:6)
  4 bullfrogs
  5 wights
  3 killer bees (D:5)
  A howler monkey (D:8)
  2 bombardier beetles
  5 hounds
  2 jellies
  3 orc priests
  Ijyb (D:3)
  Natasha (twice) (D:4)
  4 iguanas
  2 sleepcaps
  2 orc wizards
  6 adders
  12 gnolls (D:7)
  A white imp (D:5)
  3 dart slugs
  5 ribbon worms
  23 orcs
  2 ball pythons (D:2)
  3 bats
  8 endoplasms
  3 giant cockroaches
  11 goblins
  9 hobgoblins
  2 quokkas
  6 frilled lizards
  15 kobolds
  4 rats
169 creatures vanquished.

Notes
Turn   | Place    | Note
-------+----------+-------------------------------------------
     0 | D:1      | Autsider the Vine Stalker Berserker began the quest for the
                  | Orb.
     0 | D:1      | Reached XP level 1. HP: 11/11 MP: 2/2
   208 | D:1      | Reached XP level 2. HP: 16/16 MP: 3/3
   340 | D:1      | Reached skill level 3 in Short Blades
  1011 | D:2      | Reached XP level 3. HP: 17/19 MP: 4/4
  1158 | D:2      | Reached ** piety under Trog
  1527 | D:3      | Noticed Grinder
  1540 | D:3      | Killed Grinder
  1541 | D:3      | Reached skill level 4 in Short Blades
  1541 | D:3      | Reached XP level 4. HP: 24/24 MP: 5/5
  1541 | D:3      | Reached XP level 5. HP: 28/28 MP: 6/6
  1541 | D:3      | Reached XP level 6. HP: 32/32 MP: 7/7
  1606 | D:3      | Noticed Ijyb
  1627 | D:3      | Killed Ijyb
  1784 | D:3      | Found a faded altar of an unknown god.
  2148 | D:3      | Found a blossoming altar of Fedhas.
  2355 | D:4      | Found Akurea's Distillery.
  2363 | D:4      | Bought a potion of degeneration for 10 gold pieces
  2363 | D:4      | Bought a potion of mutation for 80 gold pieces
  2372 | D:4      | Found Nentum's Needful Niceties.
  2381 | D:4      | Noticed Eustachio
  2435 | D:4      | Killed Eustachio
  2436 | D:4      | Reached skill level 1 in Shields
  2436 | D:4      | Reached XP level 7. HP: 33/37 MP: 5/8
  2528 | D:4      | Found a transporter.
  2546 | D:4      | Reached skill level 5 in Short Blades
  2586 | D:4      | Found a transporter.
  2704 | D:4      | Noticed Natasha
  2713 | D:4      | Killed Natasha
  2719 | D:4      | Found a basalt altar of Yredelemnul.
  2748 | D:4      | Reached *** piety under Trog
  2825 | D:4      | Found an opulent altar of Gozag.
  2826 | D:4      | Noticed Natasha
  2839 | D:4      | Killed Natasha
  2893 | D:4      | Gained mutation: You have razor-sharp teeth. [Vine Stalker
                  | growth]
  2893 | D:4      | Reached XP level 8. HP: 35/42 MP: 9/9
  3073 | D:5      | Entered Level 5 of the Dungeon
  3222 | D:5      | Found a staircase to the Ecumenical Temple.
  3312 | Temple   | Found a transporter.
  3312 | Temple   | Found a transporter.
  3312 | Temple   | Found a transporter.
  3312 | Temple   | Found a transporter.
  3312 | Temple   | Entered the Ecumenical Temple
  3450 | D:5      | Reached skill level 6 in Short Blades
  3564 | D:5      | Noticed a wyvern
  3574 | D:5      | Killed a wyvern
  3880 | D:6      | Reached skill level 5 in Fighting
  3897 | D:6      | Reached XP level 9. HP: 46/47 MP: 10/10
  4192 | D:6      | Reached skill level 7 in Short Blades
  4282 | D:6      | Reached **** piety under Trog
  4471 | D:7      | Found Heekufoe's Book Boutique.
  4744 | D:7      | Found a bloodstained altar of Trog.
  4815 | D:7      | Found Uleajish's Distillery.
  4875 | D:7      | Found a snail-covered altar of Cheibriados.
  5096 | D:7      | Found Deitzeuw's Distillery.
  5167 | D:7      | Found Liynwune's Distillery.
  5241 | D:7      | Found Lyfuit's Antique Weapon Shop.
  5465 | D:8      | Noticed Grum
  5488 | D:7      | Reached skill level 8 in Short Blades
  5488 | D:7      | Reached XP level 10. HP: 26/53 MP: 9/11
  5518 | D:7      | Reached skill level 5 in Armour
  5588 | D:8      | Reached skill level 5 in Dodging
  5657 | D:8      | Killed from afar by an acid dragon

Illustrated notes

Levels and vault maps discovered:
D:1:      dpeg_arrival_simpleton_a, layout_basic, dk_noncrumbling_3,
          st_stairs_4, minmay_misc_feat_more_columns, patterned_corridor
D:2:      layout_basic, lexackson_kobold_supper
D:3:      layout_basic, mainiacjoe_overflow_alcove_4,
          hellmonk_ecumenical_altar_run_dry, uniq_grinder, uniq_ijyb
D:4:      gammafunk_steamed_eel, layout_loops_ring,
          nicolae_overflow_crystal_walls, kennysheep_little_box, serial_shops,
          shop, nicolae_alphabet_shops, minmay_ogre_servants,
          uniq_crazy_yiuf_cottage, uniq_natasha, uniq_eustachio
D:5:      layout_loops_ring, minmay_temple_entry_slanted,
          chequers_serial_rivers_room_a
D:6:      layout_rooms
D:7:      layout_basic, lemuel_crystal_altar, cheibrodos_worm_habitat,
          serial_shops, nicolae_shop_window_shopping, shop, shop,
          nicolae_square_shop, shop_fountains
D:8:      layout_rooms, mainiacjoe_overflow_catwalk, uniq_grum
Temple:   hellmonk_temple_divided_pantheon

Skill      XL: |  1  2  3  4  5  6  7  8  9 10 |
---------------+-------------------------------+-----
Short Blades   | 3 4 5 6 8 |  8.2
Fighting       | 3 4 5 6 |  6.0
Armour         | 2 3 4 5 |  5.1
Dodging        | 2 3 4 5 |  5.0
Shields        | 1 3 4 |  4.4

Action                     |  1- 3 |  4- 6 |  7- 9 | 10-12 || total
---------------------------+-------+-------+-------+-------++-------
  Melee: Short sword       |   138 |   170 |   457 |    46 ||   811
         Bite              |    29 |    51 |   176 |    14 ||   270
         Rapier            |       |       |    21 |       ||    21
 Invoke: Berserk           |     1 |       |     3 |       ||     4
         Trog's Hand       |     1 |       |     1 |       ||     2
    Use: Scroll            |       |     6 |     5 |       ||    11
 Armour: Animal skin       |    11 |       |       |       ||    11
         Scale mail        |    37 |    55 |   166 |    20 ||   278
  Dodge: Dodged            |    93 |    78 |   255 |    34 ||   460
  Block: Buckler           |       |    15 |   101 |     9 ||   125

Table legend: (Time is in decaauts)
 A = Elapsed time spent in this place.
 B = Non-inter-level travel time spent in this place.
 C = Inter-level travel time spent in this place.
 D = Time resting spent in this place.
 E = Time spent auto-exploring this place.
 F = Levels seen in this place.
 G = Mean time per level.
                   A        B        C        D        E       F      G
               +--------+--------+--------+--------+--------+-----+--------+
         Total |   5494 |   5259 |    235 |    191 |   3755 |   9 |  610.4 |
       Dungeon |   5492 |   5259 |    233 |    191 |   3755 |   8 |  686.5 |
        Temple |      1 |      0 |      1 |      0 |      0 |   1 |    1.0 |
               +--------+--------+--------+--------+--------+-----+--------+

Top non-repeatable levels by time:
     D:7: 943 daAuts
     D:1: 896 daAuts
     D:3: 784 daAuts
     D:5: 755 daAuts
     D:4: 753 daAuts
     D:6: 669 daAuts
     D:2: 578 daAuts
     D:8: 111 daAuts
  Temple: 1 daAuts
